 Dungeon Crawl Stone Soup version 0.22-a0-284-g99d1f74 (webtiles) character file.

27711 nikopol the Eclecticist (level 13, -5/66 HPs)
             Began as a Deep Elf Fire Elementalist on Mar 19, 2018.
             Was a High Priest of Sif Muna.
             Slain by a blink frog (19 damage)
             ... on level 5 of the Lair of Beasts on Mar 20, 2018.
             The game lasted 01:08:26 (17638 turns).

nikopol the Eclecticist (DEFE)                     Turns: 17638, Time: 01:08:27

Health: -5/66      AC:  8    Str:  5    XL:     13   Next: 5%
Magic:  2/36       EV: 15    Int: 26    God:    Sif Muna [*****.]
Gold:   847        SH:  0    Dex: 15    Spells: 24/46 levels left

rFire    + . .     SeeInvis .   J - staff of fire
rCold    . . .     Gourm    .   (no shield)
rNeg     . . .     Faith    +   a - +0 robe
rPois    .         Spirit   .   u - +2 helmet
rElec    .         Reflect  .   (no cloak)
rCorr    .         Harm     .   (no gloves)
MR       +....                  (no boots)
Stlth    +++.......             n - amulet of faith
HPRegen  0.21/turn              s - ring of wizardry
MPRegen  0.25/turn              e - +3 ring of protection

@: no status effects
A: no striking features
a: Divine Energy, Channel Magic, Forget Spell, Renounce Religion


You were on level 5 of the Lair of Beasts.
You worshipped Sif Muna.
Sif Muna was extremely pleased with you.
You were hungry.

You visited 2 branches of the dungeon, and saw 15 of its levels.

You collected 1127 gold pieces.
You spent 280 gold pieces at shops.

Inventory:

Hand Weapons
 g - a +0 short sword
 C - a +2 dagger of venom
Armour
 a - a +0 robe (worn)
 u - a +2 helmet (worn)
Magical Staves
 J - an uncursed staff of fire (weapon)
Jewellery
 e - a +3 ring of protection (right hand)
 n - an amulet of faith (around neck)
 s - a ring of wizardry (left hand)
 E - an uncursed amulet of rage {unknown}
 F - an uncursed amulet of magic regeneration {unknown}
 I - an uncursed ring of poison resistance {unknown}
 O - an uncursed amulet of guardian spirit {unknown}
Wands
 r - a wand of iceblast (5)
 y - a wand of paralysis (21)
 N - a wand of polymorph (13)
Scrolls
 b - a scroll of enchant weapon {unknown}
 f - 7 scrolls of remove curse
 k - 5 scrolls of amnesia
 m - 3 scrolls of noise {unknown}
 o - 2 scrolls of fear {unknown}
 v - a scroll of summoning {unknown}
 w - a scroll of random uselessness {unknown}
 x - 3 scrolls of fog {unknown}
 z - 4 scrolls of teleportation {unknown}
 A - 3 scrolls of immolation {unknown}
 D - 5 scrolls of enchant armour {unknown}
 G - 2 scrolls of vulnerability {unknown}
Potions
 d - 3 potions of resistance
 h - 5 potions of heal wounds
 i - a potion of degeneration {unknown}
 j - 10 potions of curing
 l - 4 potions of berserk rage
 p - 2 potions of ambrosia
 q - a potion of agility
 t - 4 potions of brilliance
 B - 3 potions of lignification {unknown}
 H - 4 potions of haste
 M - a potion of magic {unknown}
Comestibles
 c - 25 rations
 K - 12 chunks of flesh


   Skills:
 + Level 1.7 Fighting
 + Level 0.6 Short Blades
 + Level 5.1 Dodging
 + Level 5.0 Stealth
 + Level 17.1 Spellcasting
 + Level 12.0 Conjurations
 + Level 2.0 Translocations
 + Level 13.1 Fire Magic
 + Level 1.2 Earth Magic
 + Level 0.7 Evocations


You had 24 spell levels left.
You knew the following spells:

 Your Spells              Type           Power        Failure   Level  Hunger
a - Flame Tongue          Conj/Fire      #####        0%          1    None
b - Throw Flame           Conj/Fire      ######       0%          2    None
c - Conjure Flame         Conj/Fire      #######.     1%          3    None
d - Sticky Flame          Conj/Fire      #######.     1%          4    None
e - Fireball              Conj/Fire      #######...   1%          5    None
f - Blink                 Tloc           N/A          1%          2    None
g - Bolt of Magma         Conj/Fire/Erth #######...   1%          5    None


Dungeon Overview and Level Annotations

Branches:
Dungeon (9/15)             Temple (0/1) D:6            Lair (6/6) D:8
  Swamp (0/4) Lair:2       Spider (0/4) Lair:2        Slime (0/5) Lair:5
    Orc: D:9-12

Altars:
Ashenzari
Cheibriados
Elyvilon
Fedhas
Qazlal
Ru
Sif Muna
Vehumet
Wu Jian
Yredelemnul

Shops:
D:5 (   D:6 :

Annotations:
D:7 matakusis's ghost, novice DESu
D:9 exclusion: statue


Message History

* * * LOW HITPOINT WARNING * * *
The blink frog blinks!
The water moccasin misses you. The wolf bites you but does no damage.
The blink frog blinks!
The blink frog misses you. The water moccasin closely misses you.
There is a stone staircase leading up here.
The blink frog hits you but does no damage.
The blink frog misses you.
You climb upwards.
There is a stone staircase leading down here.
Casting: Sticky Flame (safe; 1% risk of failure)
Confirm with . or Enter, or press ? or * to list all spells.
Aiming: Sticky Flame (safe; 1% risk of failure)
Press: ? - help, Shift-Dir - straight line, f - blink frog
Aim: a blink frog You feel a surge of power!
The sticky flame hits the blink frog.
The blink frog is lightly wounded.
The blink frog is covered in liquid flames!
The blink frog burns!
The blink frog hits you!!
You die...

##..##.<..#(#..#........
#..#.......##P..........
##.....8....##......#...
#....#####...##....P....
#####...###.###...##........
##.##...####.####...##.......
##.###[....#....#.....#.......
##..+.........F.........+......
#...#8.....8..@..8.....8#......
##......................+......
#..#......##...##......#......
##..###....#######............#
###....##.....# #.##...##P......#
#.........#...###.#...###........
..........##....8.....#.#........
............#.......##...........
............##..<.#.#............


You could see a blink frog (burning).

Vanquished Creatures
  Nessos (Lair:4)
  An ice dragon (Lair:4)
  7 hydras
  A two-headed ogre (D:8)
  Urug (Lair:4)
  A wolf spider (Lair:2)
  6 elephants (Lair:6)
  3 black mambas
  10 spiny frogs
  A rime drake (Lair:2)
  2 komodo dragons
  2 jumping spiders (Lair:2)
  A troll (D:9)
  Grinder (D:3)
  A polar bear (Lair:5)
  A hornet (D:8)
  3 slime creatures (Lair:5)
  2 hippogriffs
  5 blink frogs
  Sigmund (D:5)
  A redback (Lair:2)
  A wyvern (Lair:6)
  15 yaks
  4 basilisks
  3 vampire mosquitoes (Lair:2)
  Menkaure (D:7)
  10 water moccasins
  2 soldier ants (D:8)
  3 porcupines
  A black bear (Lair:5)
  3 ice beasts
  2 orc warriors
  A phantom (D:6)
  A necrophage (D:6)
  4 ogres
  5 wolves
  10 crocodiles
  4 centaurs
  A big kobold (D:7)
  10 bullfrogs
  A scorpion (D:8)
  A water moccasin skeleton (D:5)
  4 wights (D:9)
  3 crimson imps
  2 bullfrog zombies
  2 centaur zombies
  2 jellies
  2 orc priests
  3 hounds
  A bullfrog skeleton (D:8)
  A gnoll shaman (D:4)
  Ijyb (D:3)
  An iguana (D:8)
  5 orc wizards
  8 worker ants
  A hound zombie (D:5)
  A hound skeleton (D:6)
  Robin (D:3)
  8 adders
  5 gnolls
  2 howler monkey skeletons
  An ooze (D:3)
  4 adder skeletons
  An adder zombie (D:6)
  3 worms
  A dart slug (D:1)
  6 leopard geckos
  23 orcs
  6 giant cockroaches
  20 goblins
  7 hobgoblins
  3 jackals (D:1)
  4 quokkas
  2 ball pythons (D:3)
  3 bats
  5 frilled lizards
  A giant cockroach zombie (D:6)
  2 gnoll zombies (D:3)
  A jackal zombie (D:5)
  14 kobolds
  6 rats
301 creatures vanquished.

Vanquished Creatures (others)
  A quokka (D:9)
  7 fungi (Lair:6)
  8 plants
16 creatures vanquished.

Grand Total: 317 creatures vanquished

Notes
Turn   | Place    | Note
-------+----------+-------------------------------------------
     0 | D:1      | nikopol the Deep Elf Fire Elementalist began the quest for the Orb.
     0 | D:1      | Reached XP level 1. HP: 10/10 MP: 6/6
   290 | D:1      | Reached XP level 2. HP: 15/15 MP: 2/8
   679 | D:1      | Reached XP level 3. HP: 19/19 MP: 6/9
  1211 | D:2      | Learned a level 2 spell: Throw Flame
  1215 | D:2      | Learned a level 3 spell: Conjure Flame
  1476 | D:2      | Found a deep blue altar of Sif Muna.
  1479 | D:2      | Became a worshipper of Sif Muna the Loreminder
  1798 | D:2      | Noticed a bullfrog
  1800 | D:2      | Killed a bullfrog
  1800 | D:2      | Reached skill level 4 in Spellcasting
  1800 | D:2      | Reached XP level 4. HP: 24/24 MP: 9/12
  2107 | D:2      | Found a sacrificial altar of Ru.
  2287 | D:3      | Noticed Ijyb
  2296 | D:3      | Killed Ijyb
  2296 | D:3      | Reached skill level 5 in Fire Magic
  2296 | D:3      | Reached XP level 5. HP: 27/28 MP: 3/13
  2383 | D:3      | Found a shattered altar of Ashenzari.
  2441 | D:3      | Reached skill level 5 in Spellcasting
  2574 | D:3      | Learned a level 4 spell: Sticky Flame
  2585 | D:3      | Noticed Robin
  2771 | D:3      | Killed Robin
  2898 | D:3      | Learned a level 5 spell: Fireball
  3016 | D:3      | Noticed Grinder
  3023 | D:3      | Killed Grinder
  3023 | D:3      | Reached * piety under Sif Muna
  3023 | D:3      | Reached skill level 6 in Spellcasting
  3023 | D:3      | Reached XP level 6. HP: 32/32 MP: 9/17
  3032 | D:3      | Found an ornate altar of the Wu Jian Council.
  3187 | D:3      | Found a faded altar of an unknown god.
  3286 | D:3      | Found a basalt altar of Yredelemnul.
  3560 | D:4      | Reached XP level 7. HP: 36/36 MP: 7/18
  4227 | D:4      | Reached skill level 7 in Spellcasting
  4418 | D:5      | Entered Level 5 of the Dungeon
  4431 | D:5      | Found Eghiqugi's Weapon Shop.
  4484 | D:5      | Found a stormy altar of Qazlal.
  4597 | D:5      | Reached ** piety under Sif Muna
  4601 | D:5      | Found a blossoming altar of Fedhas.
  5053 | D:5      | Noticed Sigmund
  5060 | D:5      | Killed Sigmund
  5060 | D:5      | Reached XP level 8. HP: 34/41 MP: 0/21
  5187 | D:5      | Reached skill level 8 in Spellcasting
  5200 | D:5      | Reached skill level 5 in Conjurations
  5323 | D:5      | Found a snail-covered altar of Cheibriados.
  5694 | D:6      | Reached *** piety under Sif Muna
  5916 | D:6      | Reached skill level 9 in Spellcasting
  6355 | D:6      | Found Fuuh's Book Shop.
  6359 | D:6      | Reached **** piety under Sif Muna
  6361 | D:6      | Bought a book of Minor Magic for 280 gold pieces
  6364 | D:6      | Learned a level 2 spell: Blink
  6377 | D:6      | Reached XP level 9. HP: 42/46 MP: 16/24
  6632 | D:6      | Found a staircase to the Ecumenical Temple.
  6805 | D:7      | Noticed Menkaure
  6810 | D:7      | Killed Menkaure
  7033 | D:7      | Upgraded the game from 0.22-a0-283-g1871b15 to 0.22-a0-284-g99d1f74
  7121 | D:7      | Reached skill level 10 in Spellcasting
  7245 | D:7      | Noticed matakusis's ghost (novice DESu)
  7738 | D:6      | Noticed a rust devil
  7738 | D:6      | Noticed a rust devil
  7818 | D:7      | Found the +8 glaive of the Guard {elec, +Rage AC+5 SInv}
  8077 | D:8      | Noticed a two-headed ogre
  8089 | D:8      | Killed a two-headed ogre
  8089 | D:8      | Reached ***** piety under Sif Muna
  8089 | D:8      | Identified Sif Muna's Compendium of Cloudy Companions (Sif Muna gifted it to you on level 8 of the Dungeon)
  8089 | D:8      | Received a gift from Sif Muna
  8124 | D:8      | Reached skill level 11 in Spellcasting
  8445 | D:8      | Reached XP level 10. HP: 34/51 MP: 7/27
  8733 | D:8      | Found a staircase to the Lair.
  9072 | D:9      | Found a white marble altar of Elyvilon.
  9147 | D:9      | Found an ornate altar of the Wu Jian Council.
  9171 | D:9      | Found a radiant altar of Vehumet.
  9246 | D:9      | Reached skill level 10 in Fire Magic
  9443 | D:9      | Reached skill level 12 in Spellcasting
 10078 | Lair:1   | Entered Level 1 of the Lair of Beasts
 10113 | Lair:1   | Noticed a four-headed hydra
 10114 | Lair:1   | Noticed a four-headed hydra
 10116 | Lair:1   | Killed a four-headed hydra
 10259 | Lair:1   | Killed a four-headed hydra
 10259 | Lair:1   | Received a gift from Sif Muna
 10259 | Lair:1   | Reached skill level 13 in Spellcasting
 10516 | Lair:1   | Noticed a spiny frog
 10527 | Lair:1   | Killed a spiny frog
 10630 | Lair:1   | Noticed a spiny frog
 10636 | Lair:1   | Killed a spiny frog
 10636 | Lair:1   | Reached XP level 11. HP: 55/55 MP: 15/30
 10747 | Lair:1   | Reached skill level 1 in Fighting
 11502 | Lair:2   | Reached skill level 14 in Spellcasting
 11502 | Lair:2   | Reached skill level 1 in Translocations
 11987 | Lair:2   | Received a gift from Sif Muna
 12080 | Lair:2   | Noticed a seven-headed hydra
 12084 | Lair:2   | Killed a seven-headed hydra
 12084 | Lair:2   | Reached skill level 10 in Conjurations
 12337 | Lair:2   | Found a staircase to the Swamp.
 12796 | Lair:2   | Found a hole to the Spider Nest.
 12796 | Lair:2   | Noticed a wolf spider
 12799 | Lair:2   | Killed a wolf spider
 13216 | Lair:3   | Reached skill level 15 in Spellcasting
 13218 | Lair:3   | Noticed a six-headed hydra
 13235 | Lair:3   | Noticed a seven-headed hydra
 13270 | Lair:3   | Killed a seven-headed hydra
 13336 | Lair:3   | Reached XP level 12. HP: 61/61 MP: 1/33
 14195 | Lair:3   | Killed a six-headed hydra
 14366 | Lair:4   | Noticed a four-headed hydra
 14369 | Lair:4   | Killed a four-headed hydra
 14442 | Lair:4   | Identified Kuitarri's Guide on Excruciating Calling (Sif Muna gifted it to you on level 4 of the Lair of Beasts)
 14442 | Lair:4   | Received a gift from Sif Muna
 14579 | Lair:4   | Noticed Nessos
 14588 | Lair:4   | Killed Nessos
 14793 | Lair:4   | Noticed an ice dragon
 14796 | Lair:4   | Killed an ice dragon
 14972 | Lair:4   | Noticed Urug
 14974 | Lair:4   | Killed Urug
 14974 | Lair:4   | Reached skill level 16 in Spellcasting
 15145 | Lair:4   | Learned a level 5 spell: Bolt of Magma
 16286 | Lair:5   | Noticed a five-headed hydra
 16289 | Lair:5   | Killed a five-headed hydra
 16563 | Lair:5   | Reached skill level 1 in Earth Magic
 16684 | Lair:5   | Found a staircase to the Slime Pits.
 16818 | Lair:5   | Reached skill level 5 in Dodging
 17278 | Lair:6   | Entered Level 6 of the Lair of Beasts
 17448 | Lair:6   | Received a gift from Sif Muna
 17450 | Lair:6   | Reached skill level 5 in Stealth
 17450 | Lair:6   | Reached skill level 17 in Spellcasting
 17450 | Lair:6   | Reached XP level 13. HP: 66/66 MP: 3/36
 17638 | Lair:5   | Slain by a blink frog

Vault maps used:
D:1:      lemuel_arrival_broad_hall, minmay_pentomino_x2
D:2:      lemuel_blue_sif_altar, lemuel_coloured_pillars_altar, first_ration
D:3:      lemuel_zombie_altar_yredelemnul, ashenzari_conservatory_becter,
          old_standard_altar, chequers_ecumenical_altar_lobes,
          eino_tiny_chamber, hangedman_decor_push, uniq_ijyb, uniq_grinder,
          uniq_robin
D:5:      kennysheep_mini_moat, nicolae_qazlal_eye_of_the_storm,
          nicolae_overflow_hidden_temple, serial_shops, shop_statue,
          grunt_ministairs_4, uniq_sigmund
D:6:      cheibrodos_iron_armory, minmay_temple_entry_poolview, serial_shops,
          nicolae_shop_competitors_out_of_business, minivault_23
D:7:      uniq_menkaure
D:8:      david_lair_shrubbed, hangedman_pestilent_swarm, minivault_25
D:9:      vehumet_statue, basic_altar, elyvilon_altar_4
Lair:2:   minmay_swamp_entry_swarm, spider_nest_entry_funnel_web,
          serial_bayou_crossing
Lair:3:   infiniplex_staircase_pool
Lair:4:   dragon1_lemuel, uniq_nessos, uniq_urug
Lair:5:   minmay_slime_entry_pillars, forest_entry_grove, grunt_megastairs_5
Lair:6:   hangedman_lair_tendril_chambers, wormcave

Skill      XL: |  1  2  3  4  5  6  7  8  9 10 11 12 |
---------------+-------------------------------------+-----
Fire Magic     | 4 5 7 8 9 10 11 13 | 13.1
Stealth        | 3 4 5 |  5.0
Spellcasting   | 4 6 7 9 11 13 15 17 | 17.1
Conjurations   | 2 3 4 6 7 9 10 12 | 12.0
Dodging        | 3 4 5 |  5.1
Fighting       | 1 |  1.7
Translocations | 1 2 |  2.0
Earth Magic    | 1 |  1.2
Short Blades   | |  0.6
Evocations     | |  0.7

Action                   |  1- 3 |  4- 6 |  7- 9 | 10-12 | 13-15 || total
-------------------------+-------+-------+-------+-------+-------++-------
Melee: Short sword       |       |     2 |       |       |       ||     2
       Dagger            |       |       |     1 |       |       ||     1
 Cast: Flame Tongue      |    76 |    75 |   200 |   158 |     9 ||   518
       Sticky Flame      |       |     6 |    27 |    37 |     6 ||    76
       Throw Flame       |       |     1 |    18 |    92 |     5 ||   116
       Fireball          |       |       |    11 |    75 |     1 ||    87
       Conjure Flame     |       |       |     9 |     8 |       ||    17
       Blink             |       |       |       |     3 |       ||     3
       Bolt of Magma     |       |       |       |     6 |     1 ||     7
Evoke: Wand              |       |       |     7 |       |       ||     7
  Use: Scroll            |       |     6 |       |     4 |       ||    10
  Eat: Chunk             |     2 |     6 |    19 |    23 |       ||    50
       Ration            |       |       |       |     2 |       ||     2
Armor: Robe              |     5 |     2 |     9 |     8 |     6 ||    30
Dodge: Dodged            |    26 |    14 |    45 |    35 |    16 ||   136

Table legend:
 A = Spawn XP
 B = Non-spawn XP
 C = Spawn XP percentage of total XP
 D = Spawn monster count
 E = Non-spawn monster count
 F = Spawn count percentage of total count
 G = Total turns spent on level
                    A         B        C        D         E        F      G
               +---------+---------+-------+---------+---------+-------+---------
         Total |       0 |   39588 |   0.0 |       0 |     301 |   0.0 | 17638
               +---------+---------+-------+---------+---------+-------+---------
           D:1 |       0 |      48 |   0.0 |       0 |      28 |   0.0 |  1023
           D:2 |       0 |     135 |   0.0 |       0 |      19 |   0.0 |  1317
           D:3 |       0 |     481 |   0.0 |       0 |      32 |   0.0 |  1169
           D:4 |       0 |     441 |   0.0 |       0 |      21 |   0.0 |  1363
           D:5 |       0 |     892 |   0.0 |       0 |      19 |   0.0 |   769
           D:6 |       0 |     900 |   0.0 |       0 |      23 |   0.0 |  1109
           D:7 |       0 |    1105 |   0.0 |       0 |      28 |   0.0 |  1282
           D:8 |       0 |    2295 |   0.0 |       0 |      15 |   0.0 |  1057
           D:9 |       0 |    1640 |   0.0 |       0 |      14 |   0.0 |  1110
        Lair:1 |       0 |    5874 |   0.0 |       0 |      18 |   0.0 |  1272
        Lair:2 |       0 |    5403 |   0.0 |       0 |      17 |   0.0 |  1803
        Lair:3 |       0 |    5067 |   0.0 |       0 |      16 |   0.0 |  1066
        Lair:4 |       0 |    5969 |   0.0 |       0 |      13 |   0.0 |  1688
        Lair:5 |       0 |    4977 |   0.0 |       0 |      23 |   0.0 |  1312
        Lair:6 |       0 |    4361 |   0.0 |       0 |      15 |   0.0 |   298
               +---------+---------+-------+---------+---------+-------+---------
